 Dungeon Crawl Stone Soup version 0.16-a0-77-g708f960 (webtiles) character file.

974 PolkaDot the Slicer (level 7, -6/49 HPs)
             Began as a Vampire Death Knight on Aug 8, 2014.
             Was a Believer of Yredelemnul.
             Mangled by a worker ant (7 damage)
             ... on Level 5 of the Dungeon.
             The game lasted 00:22:24 (4301 turns).

PolkaDot the Slicer (Vampire Death Knight)          Turns: 4301, Time: 00:22:24

HP  -6/49        AC  5     Str 16      XL: 7   Next: 95%
MP  12/12        EV 11     Int 13      God: Yredelemnul [**....]
Gold 61          SH  0     Dex 15      Spells:  0 memorised,  6 levels left

rFire  + . .     SeeInvis +     a - +1 short sword
rCold  + . .     Clarity  .     v - +1 leather armour
rNeg   . . .     rCorr    +     (no shield)
rPois  +         rRot     .     (no helmet)
rElec  +         Spirit   .     i - +0 cloak
SustAb .         Warding  .     (no gloves)
rMut   .         Stasis   +     (no boots)
Gourm  .                        k - amulet of stasis
MR     .....                    b - +4 ring of strength
                                q - cursed ring of teleportation

@: lethally poisoned, resistant, regenerating quickly, not resistant to hostile
enchantments, very unstealthy
A: bottle blood, fangs 3, see invisible, unbreathing
a: Bottle Blood, Animate Remains, Recall Undead Slaves, Injury Mirror, Renounce
Religion, Evoke Teleportation


You were on level 5 of the Dungeon.
You worshipped Yredelemnul.
Yredelemnul was pleased with you.
You were very full.

You visited 1 branch of the dungeon, and saw 5 of its levels.

You collected 61 gold pieces.

Inventory:

Hand weapons
 a - a +1 short sword (weapon)
Missiles
 c - 105 stones (quivered)
 g - 23 poisoned needles
 p - 4 curare-tipped needles
 r - 6 tomahawks
Armour
 i - a +0 cloak (worn)
 v - a +1 leather armour (worn)
Magical devices
 n - a wand of draining (5)
 w - a wand of confusion (11) {unknown}
Scrolls
 j - a scroll of immolation
 s - a scroll of remove curse {unknown}
 u - a scroll of random uselessness {unknown}
Jewellery
 b - a +4 ring of strength (right hand)
 k - an amulet of stasis (around neck)
 q - a cursed ring of teleportation (left hand)
Potions
 d - a potion of magic
 f - 3 potions of restore abilities
 h - 2 potions of haste
Books
 t - a book of Battle

   Spells                             Type                      Level
   Infusion                           Charms                       1
   Shroud of Golubria                 Charms/Translocation         2
   Song of Slaying                    Charms                       2
   Spectral Weapon                    Hexes/Charms                 3
   Regeneration                       Charms/Necromancy            3


   Skills:
 - Level 1.7 Fighting
 * Level 9.1 Short Blades
 + Level 1.8 Armour
 - Level 1.1 Dodging
 - Level 4.0 Invocations


You had 6 spell levels left.
You didn't know any spells.

Dungeon Overview and Level Annotations

Branches:
Dungeon (5/15)
 Temple: D:4-7

Altars:
Dithmenos
Xom


Innate Abilities, Weirdness & Mutations

Your natural rate of healing is unusually fast.
You can bottle blood from corpses.
You have razor-sharp teeth.
You have supernaturally acute eyesight.
You can survive without breathing.


Message History

It is a scroll of enchant armour.
Enchant which item? (? for menu, Esc to quit)
Your cursed +0 leather armour glows green for a moment.
* * * LOW HITPOINT WARNING * * *
You feel sick. The bat barely misses you. The worker ant closely misses you.
Read which item? (? for menu, Esc to quit)
As you read the scroll labeled ABBUSOSHEENA, it crumbles to dust.
You hear a loud clanging noise!
It was a scroll of noise.
* * * LOW HITPOINT WARNING * * *
You feel sick.
You hear a shout! x3
The bat hits you but does no damage. The worker ant closely misses you.
Read which item? (? for menu, Esc to quit)
As you read the scroll labeled YKOACO GHU STRY, it crumbles to dust.
You feel a strange sense of stasis.
It was a scroll of teleportation.
* * * LOW HITPOINT WARNING * * *
You feel sick. The bat closely misses you. The worker ant bites you!
You die...
Yredelemnul claims you as an undead slave.

.)....##.#...##+#......+
......##.##...#.#......#
..........#...#.#......#
.........(#...#.+......#
##+##.##..'...'.#.)....#+#
........+......+..o......#
....+.#................+.#
....#+#.........a.b......#
................@###+###.#
..........................
##'#...#+##.##...#....##
#..#...# ....#...+....#
+..+...+ ...#...# ...+
##+#...# ...#...# ...#
#..#...# . #...# #+
...#...# #.... >..'...#
...


You could see a worker ant, an orc and a bat.

Vanquished Creatures
  An ogre (D:5)
  Sigmund (D:3)
  The ghost of runewalsh the Chiller, an average OpIE (D:3)
  A scorpion (D:4)
  A jelly (D:5)
  A giant frog zombie (D:5)
  An orc priest (D:3)
  An orc wizard (D:3)
  A worker ant (D:4)
  An ogre zombie (D:5)
  Terence (D:1)
  6 adders
  A shadow imp (D:5)
  2 worms
  4 giant geckos
  An ooze (D:4)
  11 orcs
  12 bats
  12 goblins
  7 hobgoblins
  3 jackals (D:1)
  3 quokkas
  2 ball pythons
  3 giant cockroaches
  3 giant newts (D:1)
  6 kobolds
  9 rats
  A rat skeleton (D:5)
97 creatures vanquished.

Vanquished Creatures (collateral kills)
  The ghost of ghwc the Chopper, an average HOCK of Xom (D:4)
  2 ogres (D:5)
  2 jellies
  An iguana (D:5)
  A worker ant (D:4)
  A worm (D:2)
  An orc (D:3)
  A goblin (D:3)
  A hobgoblin (D:5)
  A hobgoblin skeleton (D:4)
12 creatures vanquished.

Vanquished Creatures (others)
  An ogre skeleton (D:5)
  A worker ant zombie (D:4)
  An orc zombie (D:3)
  An adder skeleton (D:5)
  A bat zombie (D:4)
  A ball python zombie (D:3)
  A giant cockroach zombie (D:2)
  A kobold zombie (D:2)
8 creatures vanquished.

Grand Total: 117 creatures vanquished

Notes
Turn   | Place    | Note
--------------------------------------------------------------
     0 | D:1      | PolkaDot, the Vampire Death Knight, began the quest for the Orb.
     0 | D:1      | Reached XP level 1. HP: 16/16 MP: 1/1
   295 | D:1      | Reached XP level 2. HP: 15/22 MP: 2/2
   396 | D:1      | Reached skill level 3 in Short Blades
   403 | D:1      | Acquired Yredelemnul's second power
   907 | D:2      | Noticed Terence
   929 | D:1      | Killed Terence
   929 | D:1      | Reached XP level 3. HP: 22/27 MP: 4/4
  1350 | D:2      | Reached skill level 4 in Short Blades
  1810 | D:2      | Reached XP level 4. HP: 22/33 MP: 6/6
  2002 | D:3      | Found a shadowy altar of Dithmenos.
  2038 | D:3      | Noticed runewalsh's ghost (average OpIE)
  2045 | D:3      | Killed runewalsh's ghost
  2045 | D:3      | Reached XP level 5. HP: 8/38 MP: 6/8
  2150 | D:3      | Reached skill level 5 in Short Blades
  2569 | D:3      | Noticed Sigmund
  2589 | D:3      | Killed Sigmund
  2589 | D:3      | Reached skill level 6 in Short Blades
  2589 | D:3      | Reached XP level 6. HP: 13/44 MP: 10/10
  3064 | D:4      | Found a shimmering altar of Xom.
  3420 | D:4      | Noticed ghwc's ghost (average HOCK)
  3437 | D:4      | Killed ghwc's ghost
  3437 | D:4      | Reached skill level 7 in Short Blades
  3437 | D:4      | Reached XP level 7. HP: 42/49 MP: 10/12
  3762 | D:5      | Entered Level 5 of the Dungeon
  3814 | D:4      | Reached skill level 8 in Short Blades
  4062 | D:5      | Reached skill level 1 in Armour
  4162 | D:5      | Reached skill level 9 in Short Blades
  4300 | D:5      | HP: 2/49 [poisoned by a worker ant]
  4301 | D:5      | Mangled by a worker ant

Action                   |  1- 3 |  4- 6 |  7- 9 || total
-------------------------+-------+-------+-------++-------
Melee: Short sword       |   126 |   219 |    86 ||   431
Throw: Stone             |     9 |    27 |     2 ||    38
Invok: Animate Remains   |    12 |    12 |     3 ||    27
       Injury Mirror     |       |     5 |     1 ||     6
Evoke: Wand              |       |     1 |       ||     1
  Use: Potion            |     1 |     6 |     3 ||    10
       Scroll            |       |     3 |     6 ||     9
 Stab: Distracted        |     1 |     2 |       ||     3
  Eat: Corpse            |    15 |     9 |     5 ||    29
